SL
D.C. DIVIDED @ BUCKHEAD BOWTIES
09/02/2033
 
TOP OF THE 1ST
D.C. Divided batting - Pitching for Buckhead Bowties : RHP David Buchanan
Pitching: RHP David Buchanan
Batting: RHB Arturo Rodríguez 0-0: Ball
1-0: Ball
2-0: Called Strike
2-1: Ball
3-1: Swinging Strike
3-2: Base on Balls
Batting: RHB José Torres 0-0: Ball
1-0: SINGLE (Groundball, 6D)
Arturo Rodríguez to second
Batting: LHB Yao-pang Chiang 0-0: Called Strike
0-1: Swinging Strike
0-2: Ball
1-2: Ball
2-2: Strikes out looking
Batting: RHB Wilbur Davis 0-0: Called Strike
0-1: SINGLE (Line Drive, 6MD)
Arturo Rodríguez to third
José Torres to second
Runner from 3rd tries for Home, SAFE, no throw
Batting: LHB Obidiah Lewis 0-0: Ball
1-0: Ball
2-0: Foul Ball, location: 2F
2-1: Foul Ball, location: 2F
2-2: Ball
3-2: DOUBLE (Flyball, 89D)
José Torres scores
Wilbur Davis to third
Batting: RHB Tony Romero 0-0: Foul Ball, location: 2F
0-1: Ground out 6-3 (Groundball, 6)
Wilbur Davis scores
Batting: RHB Brant Thigpen 0-0: Swinging Strike
0-1: Called Strike
0-2: Ball
1-2: Ball
2-2: Strikes out looking
Top of the 1st over - 3 runs, 3 hits, 0 errors, 1 left on base; D.C. 3 - Buckhead 0
BOTTOM OF THE 1ST
Buckhead Bowties batting - Pitching for D.C. Divided : RHP Manuel Delgadillo
Pitching: RHP Manuel Delgadillo
Batting: LHB José Valéncia 0-0: Foul Ball, location: 2F
0-1: Foul Ball, location: 2F
0-2: Strikes out swinging
Batting: RHB David Edwards 0-0: Swinging Strike
0-1: Ball
1-1: Called Strike
1-2: Ball
2-2: Ball
3-2: Ground out 5-3 (Groundball, 56S)
Batting: RHB Derek Bangert 0-0: SOLO HOME RUN (Flyball, 7D), Distance : 387 ft
Batting: LHB Edwin Church 0-0: Called Strike
0-1: Ball
1-1: Foul Ball, location: 2F
1-2: Foul Ball, location: 2F
1-2: Strikes out swinging
Bottom of the 1st over - 1 run, 1 hit, 0 errors, 0 left on base; D.C. 3 - Buckhead 1
TOP OF THE 2ND
D.C. Divided batting - Pitching for Buckhead Bowties : RHP David Buchanan
Batting: LHB Ryan Marken 0-0: Swinging Strike
0-1: Ball
1-1: Ball
2-1: Called Strike
2-2: Strikes out swinging
Batting: RHB Sherman N'Dir 0-0: Called Strike
0-1: Ball
1-1: Ball
2-1: Swinging Strike
2-2: Foul Ball, location: 2F
2-2: Strikes out looking
Batting: RHB Arturo Rodríguez 0-0: Foul Ball, location: 2F
0-1: Ball
1-1: Called Strike
1-2: Strikes out looking
Top of the 2nd over - 0 runs, 0 hits, 0 errors, 0 left on base; D.C. 3 - Buckhead 1
BOTTOM OF THE 2ND
Buckhead Bowties batting - Pitching for D.C. Divided : RHP Manuel Delgadillo
Batting: RHB Daniel McCoy 0-0: Called Strike
0-1: Ball
1-1: Foul Ball, location: 2F
1-2: Foul Ball, location: 2F
1-2: Ball
2-2: SOLO HOME RUN (Flyball, 7LD), Distance : 360 ft
Batting: RHB Emílio Agramónte 0-0: Foul Ball, location: 2F
0-1: SINGLE (Line Drive, 7S)
Batting: RHB Kevin Baxter 0-0: Called Strike
0-1: Swinging Strike
0-2: Foul Ball, location: 2F
0-2: Foul Ball, location: 2F
0-2: Ball
1-2: Foul Ball, location: 2F
1-2: Strikes out looking
Batting: RHB Raúl Ruíz 0-0: SINGLE (Line Drive, 78S)
Emílio Agramónte to second
Batting: SHB Henrique de Senna Fernandes 0-0: Ball
1-0: Ball
2-0: Ball
3-0: Fielders Choice at 2nd, 3-6 (Groundball, 34)
Emílio Agramónte to third
Batting: LHB José Valéncia 0-0: Ball
1-0: Ball
2-0: Called Strike
2-1: Called Strike
2-2: Ball
3-2: Strikes out swinging
Bottom of the 2nd over - 1 run, 3 hits, 0 errors, 2 left on base; D.C. 3 - Buckhead 2
TOP OF THE 3RD
D.C. Divided batting - Pitching for Buckhead Bowties : RHP David Buchanan
Batting: RHB José Torres 0-0: Ball
1-0: Ball
2-0: Fly out, F9 (Flyball, 9D)
Batting: LHB Yao-pang Chiang 0-0: Ball
1-0: Called Strike
1-1: Foul Ball, location: 2F
1-2: Ground out 5-3 (Groundball, 5L)
Batting: RHB Wilbur Davis 0-0: Called Strike
0-1: Swinging Strike
0-2: Strikes out swinging
Top of the 3rd over - 0 runs, 0 hits, 0 errors, 0 left on base; D.C. 3 - Buckhead 2
BOTTOM OF THE 3RD
Buckhead Bowties batting - Pitching for D.C. Divided : RHP Manuel Delgadillo
Batting: RHB David Edwards 0-0: Ball
1-0: Foul Ball, location: 2F
1-1: Ball
2-1: Swinging Strike
2-2: Strikes out swinging
Batting: RHB Derek Bangert 0-0: Ball
1-0: Ball
2-0: Foul Ball, location: 2F
2-1: SINGLE (Groundball, 6MD)
Batting: LHB Edwin Church 0-0: Ball
1-0: Called Strike
1-1: Swinging Strike
1-2: Grounds into double play, 4-6-3 (Groundball, 4)
Bottom of the 3rd over - 0 runs, 1 hit, 0 errors, 0 left on base; D.C. 3 - Buckhead 2
TOP OF THE 4TH
D.C. Divided batting - Pitching for Buckhead Bowties : RHP David Buchanan
Batting: LHB Obidiah Lewis 0-0: Called Strike
0-1: Ball
1-1: Ball
2-1: Ball
3-1: Base on Balls
Batting: RHB Tony Romero 0-0: Ball
1-0: SINGLE (Groundball, 6MD)
Obidiah Lewis to second
Obidiah Lewis to third
Batting: RHB Brant Thigpen 0-0: Foul Ball, location: 2F
0-1: Ball
1-1: Hit by Pitch
Tony Romero to second
Batting: LHB Ryan Marken 0-0: Called Strike
0-1: Ball
1-1: Called Strike
1-2: Strikes out swinging
Batting: RHB Sherman N'Dir 0-0: Ball
1-0: Swinging Strike
1-1: Called Strike
1-2: Fly out, F9 (Flyball, 9LSF)
Runner from 3rd tags up, SCORES, no throw
Batting: RHB Arturo Rodríguez 0-0: Ball
1-0: Foul Ball, location: 2F
1-1: SINGLE (Groundball, 6MD)
Tony Romero to third
Brant Thigpen to second
Runner from 3rd tries for Home, SAFE, no throw
Batting: RHB José Torres 0-0: Swinging Strike
0-1: Swinging Strike
0-2: Strikes out swinging
Top of the 4th over - 2 runs, 2 hits, 0 errors, 2 left on base; D.C. 5 - Buckhead 2
BOTTOM OF THE 4TH
Buckhead Bowties batting - Pitching for D.C. Divided : RHP Manuel Delgadillo
Batting: RHB Daniel McCoy 0-0: Ball
1-0: Ground out 5-3 (Groundball, 5L)
Batting: RHB Emílio Agramónte 0-0: Ball
1-0: Ball
2-0: Foul Ball, location: 2F
2-1: SOLO HOME RUN (Flyball, 7D), Distance : 395 ft
Batting: RHB Kevin Baxter 0-0: Ball
1-0: Ball
2-0: Ball
3-0: Called Strike
3-1: SINGLE (Line Drive, 89M)
Batting: RHB Raúl Ruíz 0-0: Ball
1-0: SINGLE (Line Drive, 8LS)
Kevin Baxter to second
Runner from 2nd tries for 3rd, OUT!
Batting: SHB Henrique de Senna Fernandes 0-0: Swinging Strike
0-1: Called Strike
0-2: Ball
1-2: Foul Ball, location: 2F
1-2: Ball
2-2: Strikes out swinging
Bottom of the 4th over - 1 run, 3 hits, 0 errors, 1 left on base; D.C. 5 - Buckhead 3
TOP OF THE 5TH
D.C. Divided batting - Pitching for Buckhead Bowties : RHP David Buchanan
Batting: LHB Yao-pang Chiang 0-0: Called Strike
0-1: Ground out 4-3 (Groundball, 4S)
Batting: RHB Wilbur Davis 0-0: Ball
1-0: Ground out 6-3 (Groundball, 6)
Batting: LHB Obidiah Lewis 0-0: Ball
1-0: Swinging Strike
1-1: Foul Ball, location: 2F
1-2: Ball
2-2: Foul Ball, location: 2F
2-2: Ball
3-2: Foul Ball, location: 2F
3-2: Base on Balls
Pitching: RHP Zafar Zahir
Batting: RHB Tony Romero 0-0: Ball
1-0: Called Strike
1-1: Ball
2-1: Fly out, F9 (Flyball, 9S)
Top of the 5th over - 0 runs, 0 hits, 0 errors, 1 left on base; D.C. 5 - Buckhead 3
BOTTOM OF THE 5TH
Buckhead Bowties batting - Pitching for D.C. Divided : RHP Manuel Delgadillo
Batting: LHB José Valéncia 0-0: Ball
1-0: Foul Ball, location: 2F
1-1: SINGLE (Groundball, 34D)
Batting: RHB David Edwards 0-0: Ball
1-0: Ball
2-0: Ball
Wild Pitch!
José Valéncia to second
3-0: Base on Balls
Batting: RHB Derek Bangert 0-0: Called Strike
0-1: Swinging Strike
0-2: Strikes out looking
Batting: LHB Edwin Church 0-0: Called Strike
0-1: Foul Ball, location: 2F
0-2: Strikes out swinging
Batting: RHB Daniel McCoy 0-0: Ball
1-0: Hit by Pitch
José Valéncia to third
David Edwards to second
Batting: RHB Emílio Agramónte 0-0: Ball
1-0: Fielders Choice at 2nd, 6-4 (Groundball, 6)
Bottom of the 5th over - 0 runs, 1 hit, 0 errors, 3 left on base; D.C. 5 - Buckhead 3
TOP OF THE 6TH
D.C. Divided batting - Pitching for Buckhead Bowties : RHP Zafar Zahir
Batting: RHB Brant Thigpen 0-0: Ball
1-0: Foul Ball, location: 2F
1-1: Called Strike
1-2: Strikes out swinging
Batting: LHB Ryan Marken 0-0: Called Strike
0-1: Ball
1-1: Ball
2-1: SINGLE (Line Drive, 9LS)
Batting: RHB Sherman N'Dir 0-0: Foul Ball, location: 2F
0-1: Swinging Strike
0-2: Strikes out swinging
Ryan Marken steals 2nd base
Batter strikes out.
Batting: RHB Arturo Rodríguez 0-0: Ball
1-0: Fly out, F8 (Flyball, 8LD)
Top of the 6th over - 0 runs, 1 hit, 0 errors, 1 left on base; D.C. 5 - Buckhead 3
BOTTOM OF THE 6TH
Buckhead Bowties batting - Pitching for D.C. Divided : RHP Manuel Delgadillo
Batting: RHB Kevin Baxter 0-0: Ground out 4-3 (Groundball, 4)
Batting: RHB Raúl Ruíz 0-0: Ball
1-0: Foul Ball, location: 2F
1-1: Foul Ball, location: 2F
1-2: Ball
2-2: Strikes out swinging
Batting: SHB Henrique de Senna Fernandes 0-0: Called Strike
0-1: Swinging Strike
0-2: Strikes out swinging
Bottom of the 6th over - 0 runs, 0 hits, 0 errors, 0 left on base; D.C. 5 - Buckhead 3
TOP OF THE 7TH
D.C. Divided batting - Pitching for Buckhead Bowties : RHP Zafar Zahir
Batting: RHB José Torres 0-0: Ball
1-0: Ball
2-0: Called Strike
2-1: Ball
3-1: Foul Ball, location: 2F
3-2: Base on Balls
Batting: LHB Yao-pang Chiang 0-0: Ball
1-0: Ball
2-0: Ball
3-0: Base on Balls
José Torres to second
Pitching: LHP Wiley Fritzler
Batting: RHB Wilbur Davis 0-0: Ball
1-0: Swinging Strike
1-1: Foul Ball, location: 2F
1-2: Strikes out swinging
Batting: LHB Obidiah Lewis 0-0: Called Strike
0-1: Ball
1-1: Called Strike
1-2: Grounds into double play, U6-3 (Groundball, 4MD)
Top of the 7th over - 0 runs, 0 hits, 0 errors, 1 left on base; D.C. 5 - Buckhead 3
BOTTOM OF THE 7TH
Buckhead Bowties batting - Pitching for D.C. Divided : RHP Manuel Delgadillo
Batting: LHB José Valéncia 0-0: Ball
1-0: SINGLE (Groundball, 34D)
Batting: RHB David Edwards 0-0: Swinging Strike
0-1: Ball
1-1: Foul Ball, location: 2F
1-2: Strikes out swinging
Batting: RHB Derek Bangert 0-0: Fly out, F7 (Flyball, 7)
Pitching: RHP Baker Mayfield
Batting: LHB Edwin Church 0-0: Called Strike
0-1: Ball
1-1: Ball
2-1: Ball
3-1: SINGLE (Line Drive, 4M)
José Valéncia to second
Runner from 2nd tries for 3rd, SAFE, throw made to third
Batting: RHB Daniel McCoy 0-0: Ball
1-0: Called Strike
1-1: Swinging Strike
1-2: Ball
2-2: Strikes out swinging
Bottom of the 7th over - 0 runs, 2 hits, 0 errors, 2 left on base; D.C. 5 - Buckhead 3
TOP OF THE 8TH
D.C. Divided batting - Pitching for Buckhead Bowties : RHP Nand Lal Chaudhary
Pitching: RHP Nand Lal Chaudhary
Batting: RHB Tony Romero 0-0: DOUBLE (Flyball, 89D)
Batting: RHB Brant Thigpen 0-0: Intentional Walk
Batting: LHB Ryan Marken 0-0: Sac Bunt - play at first, batter OUT! U3
Tony Romero to third
Brant Thigpen to second
Batting: RHB Sherman N'Dir 0-0: Ball
1-0: Ground out 5-3 (Groundball, 56)
Batting: RHB Arturo Rodríguez 0-0: SINGLE (Groundball, 6MD)
Tony Romero scores
Brant Thigpen to third
Runner from 3rd tries for Home, throw and OUT!
Top of the 8th over - 1 run, 2 hits, 0 errors, 1 left on base; D.C. 6 - Buckhead 3
BOTTOM OF THE 8TH
Buckhead Bowties batting - Pitching for D.C. Divided : RHP Baker Mayfield
Batting: RHB Emílio Agramónte 0-0: Called Strike
0-1: Ground out 5-3 (Groundball, 56S)
Batting: RHB Kevin Baxter 0-0: Called Strike
0-1: Ball
1-1: Called Strike
1-2: Foul Ball, location: 2F
1-2: Foul Ball, location: 2F
1-2: Ball
2-2: Ball
3-2: SINGLE (Groundball, 25) (infield hit)
Pitching: RHP Dale Kurth
Batting: RHB Raúl Ruíz 0-0: Swinging Strike
0-1: Called Strike
0-2: Fly out, F7 (Flyball, 7S)
Batting: SHB Henrique de Senna Fernandes 0-0: Ball
1-0: Foul Ball, location: 2F
1-1: Foul Ball, location: 2F
1-2: Strikes out looking
Bottom of the 8th over - 0 runs, 1 hit, 0 errors, 1 left on base; D.C. 6 - Buckhead 3
TOP OF THE 9TH
D.C. Divided batting - Pitching for Buckhead Bowties : RHP Nand Lal Chaudhary
Batting: RHB José Torres 0-0: Called Strike
0-1: Foul Ball, location: 2F
0-2: Strikes out looking
Batting: LHB Yao-pang Chiang 0-0: Ball
1-0: Called Strike
1-1: SINGLE (Flyball, 7S)
Batting: RHB Wilbur Davis 0-0: Called Strike
0-1: Ball
1-1: SINGLE (Flyball, 6MD)
Yao-pang Chiang to second
Batting: LHB Obidiah Lewis 0-0: Ball
1-0: Foul Ball, location: 2F
1-1: Ball
2-1: Grounds into double play, U6-3 (Groundball, 4)
Top of the 9th over - 0 runs, 2 hits, 0 errors, 1 left on base; D.C. 6 - Buckhead 3
BOTTOM OF THE 9TH
Buckhead Bowties batting - Pitching for D.C. Divided : RHP Dale Kurth
Batting: LHB José Valéncia 0-0: Ball
1-0: Ball
2-0: SINGLE (Groundball, 4MD)
Batting: RHB David Edwards 0-0: Ball
1-0: Called Strike
1-1: Swinging Strike
1-2: Ball
2-2: Strikes out swinging
Batting: RHB Derek Bangert 0-0: Foul Ball, location: 2F
0-1: Ball
1-1: Ball
2-1: Called Strike
2-2: Ball
3-2: Foul Ball, location: 2F
3-2: Foul Ball, location: 2F
3-2: Hit by Pitch
José Valéncia to second
Batting: LHB Edwin Church 0-0: Called Strike
0-1: Ball
1-1: Foul Ball, location: 2F
1-2: Ball
2-2: Ball
3-2: Strikes out swinging
Batting: RHB Daniel McCoy 0-0: SINGLE (Line Drive, 7LS)
José Valéncia to third
Derek Bangert to second
Batting: RHB Emílio Agramónte 0-0: Ball
1-0: Foul Ball, location: 2F
1-1: Ball
2-1: Foul Ball, location: 2F
2-2: Ball
3-2: Strikes out looking
Bottom of the 9th over - 0 runs, 2 hits, 0 errors, 3 left on base; D.C. 6 - Buckhead 3
Saturday, December 22nd, 2018 - OOTP Baseball 18.8 Build 76